[ PARTIDA AOE2 · #480802320 ]
UnrankedEslavos vs Armenians
Equipo del jugador · VICT
Equipo rival · DERR
[ ANÁLISIS DE REPETICIÓN · EXTRAÍDO DE LA PARTIDA GRABADA ]
Feudal
9:15
Castillos
22:02
Imperial
—
| APM promedio | 53.4 |
| APM pico | 98 |
| eAPM promedio | 25.3 |
| Aldeanos / militares | 94 / 82 |
Foco
⚔️ 43.5% · 🌾 56.5%
Knight ×44 · Scout Cavalry ×18 · Monk ×8 · Spearman ×8 · Battering Ram ×4
Feudal
8:00
Castillos
22:24
Imperial
—
| APM promedio | 81.4 |
| APM pico | 178 |
| eAPM promedio | 47.4 |
| Aldeanos / militares | 73 / 100 |
Foco
⚔️ 63.1% · 🌾 36.9%
Knight ×37 · Spearman ×36 · Scout Cavalry ×22 · Monk ×3 · Warrior Priest ×2
Mapa de la partida
Recursos iniciales + cada clic de construcción. Líneas = muros · curvas = relieve. ◆ oro · ⬟ piedra · ● bayas · ✦ reliquia · ◌ hueco del cierre
Tu base· ✓ Cerrada en 22:02 · 21t muro · 2 puerta(s)
Base de Kalpit00· Abierta — hueco de 6t
Terreno inicial suavizado · ◌ = hueco del cierre detectado · pasá el cursor para detalles
Inputs por minuto
— VNS TomNeva15 - - Kalpit00
Build order — VNS TomNeva15
Primeras 150 de 222 acciones detectadas
| 0:06 | Crear | Villager (Male) |
| 0:06 | Crear | Villager (Male) |
| 0:07 | Construir | House |
| 0:08 | Construir | House |
| 0:25 | Crear | Villager (Male) |
| 0:26 | Crear | Villager (Male) |
| 1:29 | Crear | Villager (Male) |
| 1:29 | Crear | Villager (Male) |
| 1:57 | Construir | Lumber Camp |
| 2:07 | Crear | Villager (Male) |
| 2:07 | Crear | Villager (Male) |
| 2:07 | Crear | Villager (Male) |
| 2:21 | Crear | Villager (Male) |
| 2:22 | Crear | Villager (Male) |
| 2:50 | Crear | Villager (Male) |
| 2:50 | Crear | Villager (Male) |
| 3:12 | Crear | Villager (Male) |
| 3:18 | Construir | House |
| 3:19 | Construir | House |
| 3:32 | Crear | Villager (Male) |
| 4:00 | Crear | Villager (Male) |
| 5:00 | Crear | Villager (Male) |
| 5:00 | Crear | Villager (Male) |
| 5:12 | Crear | Villager (Male) |
| 5:35 | Construir | Mill |
| 5:41 | Investigar | Loom |
| 6:26 | Crear | Villager (Male) |
| 6:54 | Investigar | Feudal Age |
| 6:54 | Investigar | Feudal Age |
| 7:31 | Construir | House |
| 7:42 | Construir | Palisade Wall |
| 8:05 | Construir | Barracks |
| 8:11 | Construir | Palisade Wall |
| 8:20 | Crear | Villager (Male) |
| 9:09 | Construir | House |
| 9:15 | Crear | Villager (Male) |
| 9:15 | Edad | Edad Feudal |
| 9:22 | Investigar | Double-Bit Axe |
| 9:40 | Construir | Stable |
| 9:45 | Crear | Spearman |
| 9:47 | Crear | Villager (Male) |
| 10:03 | Crear | Villager (Male) |
| 10:23 | Crear | Spearman |
| 10:38 | Crear | Scout Cavalry |
| 10:42 | Construir | House |
| 10:47 | Construir | Palisade Wall |
| 11:02 | Construir | Palisade Wall |
| 11:06 | Crear | Villager (Male) |
| 11:21 | Construir | House |
| 11:39 | Construir | House |
| 11:44 | Crear | Villager (Male) |
| 11:46 | Crear | Villager (Male) |
| 11:58 | Construir | Farm |
| 12:00 | Construir | Farm |
| 12:05 | Construir | Farm |
| 12:05 | Crear | Villager (Male) |
| 12:18 | Construir | Farm |
| 12:18 | Crear | Villager (Male) |
| 12:24 | Construir | Farm |
| 12:25 | Crear | Villager (Male) |
| 12:49 | Construir | Palisade Wall |
| 12:54 | Construir | Farm |
| 12:54 | Construir | Farm |
| 12:54 | Construir | Farm |
| 13:13 | Construir | House |
| 13:28 | Crear | Villager (Male) |
| 13:32 | Construir | Farm |
| 13:36 | Construir | Farm |
| 13:37 | Construir | Farm |
| 13:46 | Construir | Farm |
| 13:50 | Construir | Blacksmith |
| 13:54 | Crear | Villager (Male) |
| 14:00 | Investigar | Horse Collar |
| 14:02 | Crear | Scout Cavalry |
| 14:02 | Crear | Scout Cavalry |
| 14:17 | Construir | House |
| 14:23 | Crear | Scout Cavalry |
| 14:24 | Crear | Villager (Male) |
| 14:27 | Construir | Farm |
| 14:48 | Crear | Scout Cavalry |
| 15:02 | Crear | Spearman |
| 15:12 | Construir | House |
| 15:15 | Crear | Scout Cavalry |
| 15:17 | Crear | Spearman |
| 15:19 | Crear | Villager (Male) |
| 15:19 | Crear | Villager (Male) |
| 15:39 | Construir | House |
| 15:45 | Crear | Spearman |
| 15:47 | Crear | Scout Cavalry |
| 15:59 | Crear | Villager (Male) |
| 16:14 | Construir | Farm |
| 16:17 | Investigar | Forging |
| 16:23 | Crear | Spearman |
| 16:26 | Crear | Scout Cavalry |
| 16:32 | Construir | Palisade Wall |
| 16:41 | Construir | Farm |
| 16:42 | Crear | Villager (Male) |
| 16:42 | Crear | Villager (Male) |
| 16:53 | Crear | Spearman |
| 16:54 | Crear | Spearman |
| 17:17 | Construir | Farm |
| 17:17 | Crear | Villager (Male) |
| 17:38 | Construir | Mining Camp |
| 17:49 | Crear | Villager (Male) |
| 17:51 | Construir | Farm |
| 18:06 | Construir | Palisade Gate |
| 18:07 | Construir | Palisade Wall |
| 18:39 | Crear | Villager (Male) |
| 19:16 | Construir | Palisade Gate |
| 19:22 | Investigar | Castle Age |
| 19:23 | Investigar | Castle Age |
| 19:49 | Construir | Stable |
| 19:56 | Investigar | Scale Barding Armor |
| 19:56 | Investigar | Scale Barding Armor |
| 20:24 | Construir | House |
| 21:28 | Construir | Farm |
| 21:32 | Construir | Farm |
| 21:34 | Construir | Farm |
| 21:37 | Investigar | Wheelbarrow |
| 22:02 | Edad | Edad de los Castillos |
| 22:05 | Crear | Knight ×5 |
| 22:07 | Investigar | Bow Saw |
| 22:08 | Investigar | Heavy Plow |
| 22:19 | Construir | Town Center |
| 22:38 | Construir | Lumber Camp |
| 22:41 | Crear | Villager (Male) |
| 22:42 | Crear | Villager (Male) |
| 22:58 | Investigar | Husbandry |
| 22:58 | Investigar | Husbandry |
| 23:01 | Investigar | Bloodlines |
| 23:02 | Investigar | Bloodlines |
| 23:23 | Crear | Knight |
| 23:43 | Crear | Villager (Male) |
| 23:46 | Crear | Villager (Male) |
| 23:46 | Crear | Villager (Male) |
| 23:47 | Crear | Villager (Male) ×2 |
| 23:56 | Construir | Farm |
| 24:08 | Crear | Knight |
| 24:26 | Crear | Knight ×2 |
| 24:44 | Construir | Monastery |
| 24:47 | Crear | Villager (Male) ×5 |
| 25:14 | Crear | Knight ×2 |
| 25:34 | Crear | Monk |
| 25:34 | Crear | Monk |
| 25:34 | Crear | Monk |
| 25:56 | Crear | Scout Cavalry ×5 |
| 26:13 | Crear | Villager (Male) |
| 26:14 | Construir | Farm |
| 26:15 | Construir | Farm |
| 26:21 | Construir | House |
Build order — Kalpit00
Primeras 150 de 310 acciones detectadas
| 0:00 | Crear | Villager (Male) |
| 0:00 | Crear | Villager (Male) |
| 0:01 | Construir | House |
| 0:02 | Construir | House |
| 0:07 | Crear | Villager (Male) |
| 0:08 | Crear | Villager (Male) |
| 1:25 | Crear | Villager (Male) |
| 1:25 | Crear | Villager (Male) |
| 1:45 | Construir | Mule Cart |
| 1:58 | Crear | Villager (Male) |
| 1:58 | Crear | Villager (Male) |
| 2:10 | Crear | Villager (Male) |
| 2:48 | Crear | Villager (Male) |
| 3:15 | Crear | Villager (Male) |
| 3:16 | Crear | Villager (Male) |
| 3:28 | Construir | House |
| 3:41 | Crear | Villager (Male) |
| 3:41 | Crear | Villager (Male) |
| 3:54 | Crear | Villager (Male) |
| 3:55 | Crear | Villager (Male) |
| 4:06 | Crear | Villager (Male) |
| 4:06 | Crear | Villager (Male) |
| 4:13 | Construir | Mill |
| 4:56 | Investigar | Loom |
| 5:47 | Investigar | Feudal Age |
| 5:48 | Investigar | Feudal Age |
| 7:15 | Construir | Barracks |
| 7:24 | Construir | House |
| 7:41 | Crear | Villager (Male) |
| 8:00 | Edad | Edad Feudal |
| 8:02 | Investigar | Double-Bit Axe |
| 8:02 | Investigar | Double-Bit Axe |
| 8:11 | Crear | Spearman |
| 8:18 | Crear | Villager (Male) |
| 8:33 | Crear | Villager (Male) |
| 8:36 | Construir | Archery Range |
| 8:39 | Construir | Stable |
| 8:43 | Crear | Villager (Male) |
| 8:56 | Crear | Spearman |
| 9:22 | Construir | House |
| 9:24 | Construir | House |
| 9:25 | Crear | Scout Cavalry |
| 9:32 | Construir | House |
| 9:40 | Crear | Villager (Male) |
| 9:40 | Crear | Villager (Male) |
| 9:44 | Construir | Palisade Wall |
| 9:55 | Construir | Farm |
| 9:55 | Construir | Farm |
| 9:57 | Construir | Farm |
| 9:58 | Construir | Farm |
| 10:18 | Crear | Villager (Male) |
| 10:18 | Crear | Villager (Male) |
| 10:29 | Crear | Villager (Male) |
| 10:30 | Construir | Farm |
| 10:31 | Construir | Farm |
| 10:32 | Construir | Farm |
| 10:50 | Crear | Villager (Male) |
| 11:03 | Construir | House |
| 11:07 | Crear | Scout Cavalry |
| 11:10 | Construir | Farm |
| 11:17 | Crear | Villager (Male) |
| 11:31 | Crear | Spearman |
| 11:44 | Crear | Villager (Male) |
| 11:55 | Construir | Farm |
| 11:56 | Construir | Farm |
| 12:03 | Construir | Farm |
| 12:12 | Crear | Villager (Male) |
| 12:23 | Crear | Scout Cavalry |
| 12:30 | Crear | Villager (Male) |
| 12:38 | Crear | Villager (Male) |
| 13:02 | Construir | Farm |
| 13:02 | Construir | Farm |
| 13:10 | Crear | Scout Cavalry |
| 13:12 | Construir | Farm |
| 13:14 | Investigar | Horse Collar |
| 13:14 | Investigar | Horse Collar |
| 13:15 | Crear | Villager (Male) |
| 13:35 | Crear | Scout Cavalry |
| 13:37 | Crear | Spearman |
| 13:42 | Construir | Farm |
| 13:44 | Construir | Farm |
| 13:51 | Crear | Villager (Male) |
| 13:54 | Construir | Palisade Wall |
| 13:58 | Construir | Palisade Wall |
| 14:03 | Crear | Spearman |
| 14:08 | Crear | Villager (Male) |
| 14:20 | Crear | Scout Cavalry |
| 14:20 | Crear | Scout Cavalry |
| 14:27 | Construir | Mule Cart |
| 14:33 | Crear | Spearman |
| 14:37 | Crear | Villager (Male) |
| 14:37 | Crear | Villager (Male) |
| 14:45 | Crear | Villager (Male) |
| 14:49 | Construir | House |
| 15:06 | Crear | Villager (Male) |
| 15:09 | Crear | Scout Cavalry |
| 15:14 | Construir | House |
| 15:15 | Construir | Farm |
| 15:18 | Construir | Farm |
| 15:21 | Crear | Villager (Male) |
| 15:22 | Construir | Farm |
| 15:29 | Crear | Villager (Male) |
| 15:41 | Crear | Villager (Male) |
| 16:18 | Construir | Farm |
| 16:18 | Construir | Farm |
| 16:18 | Construir | Farm |
| 16:19 | Construir | Farm |
| 16:19 | Construir | Farm |
| 16:43 | Construir | Mule Cart |
| 16:48 | Crear | Scout Cavalry |
| 16:49 | Crear | Villager (Male) |
| 16:50 | Crear | Scout Cavalry |
| 17:07 | Crear | Scout Cavalry |
| 17:16 | Crear | Villager (Male) |
| 17:17 | Crear | Scout Cavalry |
| 17:21 | Construir | House |
| 17:26 | Crear | Scout Cavalry |
| 17:27 | Construir | Blacksmith |
| 17:32 | Crear | Scout Cavalry |
| 17:59 | Construir | Palisade Wall |
| 18:03 | Crear | Villager (Male) |
| 18:04 | Construir | Farm |
| 18:06 | Construir | Farm |
| 18:07 | Construir | Farm |
| 18:25 | Crear | Scout Cavalry |
| 18:26 | Crear | Villager (Male) |
| 18:35 | Investigar | Forging |
| 18:36 | Crear | Villager (Male) |
| 19:16 | Crear | Villager (Male) |
| 19:32 | Construir | House |
| 19:34 | Construir | Palisade Wall |
| 19:44 | Investigar | Castle Age |
| 19:44 | Investigar | Castle Age |
| 19:45 | Crear | Scout Cavalry |
| 20:04 | Construir | Stable |
| 20:07 | Investigar | Forging |
| 20:29 | Investigar | Gold Mining |
| 20:30 | Investigar | Gold Mining |
| 20:47 | Investigar | Forging |
| 20:47 | Investigar | Forging |
| 20:52 | Investigar | Bloodlines |
| 20:52 | Investigar | Bloodlines |
| 21:01 | Construir | House |
| 21:05 | Construir | Palisade Wall |
| 21:39 | Construir | Palisade Wall |
| 21:42 | Construir | Palisade Wall |
| 21:54 | Investigar | Scale Barding Armor |
| 21:54 | Investigar | Scale Barding Armor |
| 21:54 | Investigar | Scale Barding Armor |
| 22:12 | Crear | Villager (Male) |
Cronología de la partida
| 7:15 | Kalpit00 · first_building Barracks |
| 7:42 | VNS TomNeva15 · wall_segment Palisade Wall x3 |
| 8:00 | Kalpit00 · age_up feudal |
| 8:05 | VNS TomNeva15 · first_building Barracks |
| 8:11 | VNS TomNeva15 · wall_segment Palisade Wall x8 |
| 8:36 | Kalpit00 · first_building Archery Range |
| 8:39 | Kalpit00 · first_building Stable |
| 9:15 | VNS TomNeva15 · age_up feudal |
| 9:40 | VNS TomNeva15 · first_building Stable |
| 9:44 | Kalpit00 · wall_segment Palisade Wall x8 |
| 10:47 | VNS TomNeva15 · wall_segment Palisade Wall x1 |
| 11:02 | VNS TomNeva15 · wall_segment Palisade Wall x1 |
| 12:49 | VNS TomNeva15 · wall_segment Palisade Wall x1 |
| 13:54 | Kalpit00 · wall_segment Palisade Wall x3 |
| 13:58 | Kalpit00 · wall_segment Palisade Wall x8 |
| 16:32 | VNS TomNeva15 · wall_segment Palisade Wall x4 |
| 17:59 | Kalpit00 · wall_segment Palisade Wall x1 |
| 18:07 | VNS TomNeva15 · wall_segment Palisade Wall x4 |
| 19:34 | Kalpit00 · wall_segment Palisade Wall x5 |
| 21:05 | Kalpit00 · wall_segment Palisade Wall x1 |
| 21:39 | Kalpit00 · wall_segment Palisade Wall x3 |
| 21:42 | Kalpit00 · wall_segment Palisade Wall x2 |
| 22:02 | VNS TomNeva15 · age_up castle |
| 22:24 | Kalpit00 · age_up castle |
| 23:32 | Kalpit00 · first_building Monastery |
| 23:47 | Kalpit00 · wall_segment Palisade Wall x4 |
| 24:03 | Kalpit00 · wall_segment Palisade Wall x1 |
| 24:04 | Kalpit00 · wall_segment Palisade Wall x1 |
| 24:44 | VNS TomNeva15 · first_building Monastery |
| 29:51 | Kalpit00 · first_building Siege Workshop |
| 30:18 | VNS TomNeva15 · first_building Siege Workshop |
| 32:20 | Kalpit00 · first_market_buy 100 food |
| 32:53 | Kalpit00 · first_market_sell 100 stone |
| 35:49 | Kalpit00 · resign |
[ ANÁLISIS IA · 1 CRÉDITO ]
¿Qué pasó realmente en esta partida?
Wolo.gg analiza cada decisión: build order, eco, micro, errores típicos por bracket. Análisis personalizado por WhatsApp o Discord en 30 segundos.
Guía civ
Eslavos
Perfil
VNS TomNeva15